[ PARTIDA AOE2 · #485000501 ]
1v1 RMMaya vs Spanish
Equipo del jugador · VICT
Equipo rival · DERR
[ ANÁLISIS DE REPETICIÓN · EXTRAÍDO DE LA PARTIDA GRABADA ]
Feudal
8:56
Castillos
20:01
Imperial
33:21
| APM promedio | 43.4 |
| APM pico | 87 |
| eAPM promedio | 19.8 |
| Aldeanos / militares | 129 / 93 |
Foco
⚔️ 31.1% · 🌾 68.9%
Archer ×79 · Battering Ram ×8 · Trebuchet (Packed) ×4 · Eagle Scout ×2
Feudal
11:21
Castillos
15:52
Imperial
41:23
| APM promedio | 38.6 |
| APM pico | 78 |
| eAPM promedio | 17.4 |
| Aldeanos / militares | 66 / 44 |
Foco
⚔️ 29.7% · 🌾 70.3%
Conquistador ×17 · Skirmisher ×14 · Mangonel ×6 · Scorpion ×4 · Missionary ×2 · Archer ×1
Mapa de la partida
Recursos iniciales + cada clic de construcción. Líneas = muros · curvas = relieve. ◆ oro · ⬟ piedra · ● bayas · ✦ reliquia · ◌ hueco del cierre
Tu base· ✓ Cerrada en 20:01 · 32t muro · 2 puerta(s)
Base de dopeegoo· Abierta — flanco sin cerrar
Terreno inicial suavizado · ◌ = hueco del cierre detectado · pasá el cursor para detalles
Inputs por minuto
— b站江条 - - dopeegoo
Build order — b站江条
Primeras 150 de 340 acciones detectadas
| 0:00 | Investigar | Loom |
| 0:02 | Construir | House |
| 0:04 | Construir | House |
| 0:18 | Crear | Villager (Male) |
| 0:18 | Crear | Villager (Male) |
| 0:18 | Crear | Villager (Male) |
| 0:19 | Crear | Villager (Male) |
| 1:34 | Crear | Villager (Male) |
| 2:03 | Crear | Villager (Male) |
| 2:28 | Crear | Villager (Male) |
| 2:46 | Crear | Villager (Male) |
| 2:46 | Crear | Villager (Male) |
| 3:00 | Construir | Lumber Camp |
| 3:37 | Crear | Villager (Male) |
| 3:38 | Crear | Villager (Male) |
| 3:38 | Crear | Villager (Male) |
| 3:38 | Crear | Villager (Male) |
| 4:00 | Construir | House |
| 4:31 | Crear | Villager (Male) |
| 4:46 | Crear | Villager (Male) |
| 4:46 | Crear | Villager (Male) |
| 5:01 | Crear | Villager (Male) |
| 5:55 | Construir | Mill |
| 6:45 | Investigar | Feudal Age |
| 7:45 | Construir | Palisade Wall |
| 7:52 | Construir | Palisade Wall |
| 7:59 | Crear | Villager (Male) |
| 8:06 | Construir | Barracks |
| 8:10 | Construir | House |
| 8:16 | Construir | Palisade Wall |
| 8:22 | Construir | Palisade Gate |
| 8:25 | Crear | Villager (Male) |
| 8:42 | Construir | House |
| 8:45 | Construir | Palisade Wall |
| 8:56 | Edad | Edad Feudal |
| 8:58 | Construir | Palisade Gate |
| 9:06 | Construir | Archery Range |
| 9:10 | Construir | Palisade Wall |
| 9:15 | Crear | Villager (Male) |
| 9:18 | Construir | Mining Camp |
| 9:24 | Crear | Villager (Male) |
| 9:51 | Construir | House |
| 9:54 | Construir | House |
| 9:59 | Crear | Villager (Male) |
| 10:04 | Crear | Archer |
| 10:09 | Crear | Villager (Male) |
| 10:36 | Construir | Archery Range |
| 10:44 | Construir | Palisade Wall |
| 10:57 | Crear | Archer |
| 10:58 | Crear | Villager (Male) |
| 10:58 | Crear | Villager (Male) |
| 11:08 | Construir | House |
| 11:22 | Construir | Palisade Wall |
| 11:25 | Construir | Palisade Wall |
| 11:28 | Crear | Villager (Male) |
| 11:28 | Crear | Villager (Male) |
| 11:46 | Construir | Farm |
| 11:47 | Construir | Farm |
| 11:49 | Construir | Farm |
| 11:52 | Crear | Archer |
| 11:53 | Crear | Archer |
| 11:53 | Crear | Archer |
| 12:10 | Crear | Villager (Male) |
| 12:15 | Crear | Archer |
| 12:15 | Crear | Archer |
| 13:01 | Crear | Villager (Male) |
| 13:04 | Construir | Farm |
| 13:29 | Crear | Villager (Male) |
| 13:31 | Construir | Farm |
| 13:33 | Construir | Farm |
| 13:36 | Construir | Farm |
| 13:44 | Construir | Farm |
| 13:47 | Construir | Farm |
| 13:48 | Crear | Villager (Male) |
| 13:53 | Crear | Archer |
| 13:53 | Crear | Archer |
| 13:53 | Crear | Archer |
| 14:16 | Crear | Villager (Male) |
| 14:22 | Investigar | Double-Bit Axe |
| 14:33 | Crear | Archer |
| 14:33 | Crear | Archer |
| 14:44 | Crear | Villager (Male) |
| 15:12 | Crear | Eagle Scout |
| 15:16 | Construir | Farm |
| 15:29 | Construir | House |
| 15:34 | Crear | Villager (Male) |
| 15:45 | Construir | Farm |
| 15:49 | Construir | Farm |
| 16:05 | Crear | Villager (Male) |
| 16:23 | Construir | Market |
| 16:30 | Crear | Villager (Male) |
| 16:45 | Crear | Archer |
| 16:45 | Crear | Archer |
| 16:48 | Crear | Archer |
| 16:48 | Crear | Archer |
| 16:49 | Crear | Archer |
| 16:50 | Crear | Villager (Male) |
| 17:19 | Investigar | Castle Age |
| 17:27 | Construir | House |
| 17:28 | Construir | House |
| 17:29 | Construir | House |
| 17:31 | Construir | House |
| 17:32 | Construir | House |
| 17:41 | Construir | Blacksmith |
| 17:52 | Crear | Archer |
| 17:53 | Crear | Archer |
| 18:27 | Crear | Archer |
| 18:33 | Investigar | Gold Mining |
| 18:36 | Investigar | Fletching |
| 18:37 | Investigar | Padded Archer Armor |
| 18:55 | Investigar | Horse Collar |
| 19:03 | Construir | Archery Range |
| 19:20 | Crear | Villager (Male) |
| 19:20 | Crear | Villager (Male) |
| 19:39 | Crear | Villager (Male) |
| 19:39 | Crear | Villager (Male) |
| 19:41 | Crear | Villager (Male) |
| 19:56 | Crear | Villager (Male) |
| 20:01 | Edad | Edad de los Castillos |
| 20:05 | Investigar | Crossbowman (upgrade) |
| 21:08 | Crear | Villager (Male) |
| 21:10 | Investigar | Bodkin Arrow |
| 21:13 | Crear | Archer |
| 21:13 | Crear | Archer |
| 21:13 | Crear | Archer |
| 21:28 | Construir | University |
| 21:33 | Construir | House |
| 21:37 | Crear | Villager (Male) |
| 21:47 | Investigar | Leather Archer Armor |
| 21:52 | Crear | Archer |
| 21:52 | Crear | Archer |
| 21:52 | Crear | Archer |
| 21:52 | Crear | Archer |
| 21:53 | Crear | Archer |
| 21:56 | Crear | Villager (Male) |
| 22:02 | Crear | Villager (Male) |
| 22:11 | Crear | Villager (Male) ×3 |
| 22:21 | Construir | Town Center |
| 22:43 | Investigar | Ballistics |
| 22:49 | Crear | Villager (Male) |
| 22:49 | Crear | Villager (Male) |
| 23:03 | Crear | Villager (Male) |
| 23:15 | Crear | Archer |
| 23:15 | Crear | Archer |
| 23:21 | Crear | Villager (Male) |
| 23:21 | Crear | Villager (Male) |
| 23:23 | Crear | Villager (Male) |
| 23:23 | Crear | Villager (Male) |
| 23:32 | Crear | Villager (Male) |
| 23:42 | Crear | Eagle Scout |
Build order — dopeegoo
Primeras 150 de 201 acciones detectadas
| 0:00 | Crear | Villager (Male) ×4 |
| 0:02 | Construir | House |
| 0:04 | Construir | House |
| 1:06 | Crear | Villager (Male) |
| 1:06 | Crear | Villager (Male) |
| 1:56 | Crear | Villager (Male) |
| 2:21 | Crear | Villager (Male) |
| 2:36 | Construir | House |
| 2:50 | Crear | Villager (Male) |
| 2:50 | Crear | Villager (Male) |
| 2:50 | Crear | Villager (Male) |
| 3:33 | Crear | Villager (Male) |
| 3:33 | Crear | Villager (Male) |
| 3:48 | Construir | House |
| 4:08 | Construir | House |
| 4:15 | Crear | Villager (Male) |
| 4:15 | Crear | Villager (Male) |
| 4:32 | Crear | Villager (Male) |
| 4:32 | Crear | Villager (Male) |
| 4:40 | Construir | Mill |
| 5:45 | Construir | House |
| 5:47 | Construir | Lumber Camp |
| 6:02 | Crear | Villager (Male) |
| 6:02 | Crear | Villager (Male) |
| 6:12 | Crear | Villager (Male) |
| 6:12 | Crear | Villager (Male) |
| 7:41 | Crear | Villager (Male) |
| 7:43 | Crear | Villager (Male) |
| 7:59 | Investigar | Loom |
| 8:26 | Construir | Mining Camp |
| 8:47 | Investigar | Feudal Age |
| 9:05 | Construir | Palisade Wall |
| 9:08 | Construir | Palisade Wall |
| 9:34 | Construir | Palisade Wall |
| 9:42 | Construir | Barracks |
| 10:22 | Construir | Palisade Wall |
| 10:39 | Crear | Villager (Male) |
| 10:39 | Crear | Villager (Male) |
| 10:39 | Crear | Villager (Male) |
| 10:51 | Construir | House |
| 11:21 | Edad | Edad Feudal |
| 11:34 | Construir | Archery Range |
| 11:59 | Construir | Market |
| 12:30 | Construir | House |
| 12:34 | Construir | Palisade Wall |
| 12:36 | Construir | Palisade Gate |
| 12:53 | Construir | Watch Tower |
| 12:55 | Construir | Palisade Wall |
| 13:00 | Construir | Palisade Wall |
| 13:07 | Crear | Archer |
| 13:11 | Crear | Skirmisher |
| 13:12 | Investigar | Castle Age |
| 13:40 | Crear | Skirmisher |
| 13:56 | Construir | Mining Camp |
| 14:27 | Construir | Farm |
| 14:28 | Construir | Farm |
| 14:29 | Construir | Farm |
| 14:30 | Construir | Farm |
| 14:56 | Crear | Villager (Male) |
| 15:27 | Construir | Farm |
| 15:29 | Construir | Farm |
| 15:30 | Construir | Farm |
| 15:32 | Construir | Farm |
| 15:47 | Crear | Villager (Male) |
| 15:52 | Edad | Edad de los Castillos |
| 16:15 | Construir | Farm |
| 16:45 | Investigar | Double-Bit Axe |
| 16:58 | Construir | House |
| 17:06 | Construir | House |
| 17:16 | Crear | Villager (Male) |
| 17:35 | Crear | Villager (Male) |
| 18:58 | Construir | Castle |
| 19:04 | Crear | Skirmisher |
| 19:05 | Crear | Skirmisher |
| 19:06 | Crear | Skirmisher |
| 19:19 | Construir | Palisade Gate |
| 19:28 | Construir | Palisade Gate |
| 19:41 | Construir | Castle |
| 19:56 | Construir | Palisade Gate |
| 20:00 | Construir | Palisade Gate |
| 20:07 | Construir | Palisade Gate |
| 20:13 | Construir | Palisade Gate |
| 20:22 | Construir | Palisade Gate |
| 21:03 | Crear | Conquistador |
| 21:04 | Crear | Conquistador |
| 21:17 | Crear | Villager (Male) |
| 21:17 | Crear | Villager (Male) |
| 21:18 | Crear | Villager (Male) |
| 21:18 | Crear | Villager (Male) |
| 21:26 | Crear | Villager (Male) |
| 21:26 | Crear | Villager (Male) |
| 21:34 | Construir | Outpost |
| 21:38 | Investigar | Bow Saw |
| 21:45 | Crear | Conquistador |
| 22:06 | Construir | Blacksmith |
| 22:18 | Crear | Conquistador |
| 22:23 | Construir | Farm |
| 22:26 | Construir | Farm |
| 22:40 | Construir | Siege Workshop |
| 22:50 | Crear | Villager (Male) |
| 23:06 | Construir | House |
| 23:26 | Construir | Farm |
| 23:28 | Crear | Mangonel |
| 23:34 | Crear | Mangonel |
| 23:44 | Construir | Palisade Wall |
| 23:51 | Construir | House |
| 23:57 | Construir | House |
| 24:06 | Construir | Palisade Gate |
| 24:15 | Construir | Farm |
| 24:16 | Construir | Farm |
| 24:24 | Crear | Mangonel |
| 24:27 | Crear | Scorpion |
| 24:43 | Construir | Lumber Camp |
| 24:53 | Crear | Villager (Male) |
| 24:54 | Crear | Villager (Male) |
| 25:42 | Crear | Villager (Male) |
| 26:04 | Crear | Villager (Male) |
| 26:05 | Construir | Farm |
| 26:28 | Crear | Scorpion |
| 26:44 | Crear | Villager (Male) |
| 26:46 | Crear | Villager (Male) |
| 26:47 | Crear | Villager (Male) |
| 26:52 | Investigar | Horse Collar |
| 27:11 | Crear | Conquistador |
| 27:17 | Crear | Scorpion |
| 27:25 | Crear | Villager (Male) |
| 27:26 | Crear | Villager (Male) |
| 27:27 | Crear | Conquistador |
| 27:28 | Crear | Conquistador |
| 27:52 | Construir | Monastery |
| 28:10 | Investigar | Wheelbarrow |
| 28:12 | Crear | Conquistador |
| 28:28 | Crear | Missionary |
| 28:33 | Crear | Missionary |
| 28:37 | Crear | Conquistador |
| 28:37 | Crear | Villager (Male) |
| 29:17 | Crear | Conquistador |
| 29:18 | Crear | Villager (Male) |
| 29:50 | Construir | Town Center |
| 30:40 | Crear | Mangonel |
| 32:52 | Crear | Mangonel |
| 32:54 | Crear | Villager (Male) |
| 32:54 | Crear | Villager (Male) |
| 32:55 | Crear | Villager (Male) |
| 33:13 | Crear | Villager (Male) |
| 33:14 | Crear | Villager (Male) |
| 33:14 | Crear | Villager (Male) |
| 33:14 | Crear | Villager (Male) |
| 33:21 | Crear | Villager (Male) |
| 34:02 | Crear | Mangonel |
Cronología de la partida
| 7:45 | b站江条 · wall_segment Palisade Wall x1 |
| 7:52 | b站江条 · wall_segment Palisade Wall x2 |
| 8:06 | b站江条 · first_building Barracks |
| 8:16 | b站江条 · wall_segment Palisade Wall x6 |
| 8:45 | b站江条 · wall_segment Palisade Wall x1 |
| 8:56 | b站江条 · age_up feudal |
| 9:05 | dopeegoo · wall_segment Palisade Wall x1 |
| 9:06 | b站江条 · first_building Archery Range |
| 9:08 | dopeegoo · wall_segment Palisade Wall x1 |
| 9:10 | b站江条 · wall_segment Palisade Wall x1 |
| 9:34 | dopeegoo · wall_segment Palisade Wall x1 |
| 9:42 | dopeegoo · first_building Barracks |
| 10:22 | dopeegoo · wall_segment Palisade Wall x1 |
| 10:44 | b站江条 · wall_segment Palisade Wall x1 |
| 11:21 | dopeegoo · age_up feudal |
| 11:22 | b站江条 · wall_segment Palisade Wall x8 |
| 11:25 | b站江条 · wall_segment Palisade Wall x12 |
| 11:34 | dopeegoo · first_building Archery Range |
| 12:34 | dopeegoo · wall_segment Palisade Wall x1 |
| 12:55 | dopeegoo · wall_segment Palisade Wall x1 |
| 13:00 | dopeegoo · wall_segment Palisade Wall x1 |
| 15:52 | dopeegoo · age_up castle |
| 17:14 | b站江条 · first_market_buy 100 food |
| 18:58 | dopeegoo · first_building Castle |
| 20:01 | b站江条 · age_up castle |
| 22:40 | dopeegoo · first_building Siege Workshop |
| 23:44 | dopeegoo · wall_segment Palisade Wall x1 |
| 26:07 | b站江条 · first_building Siege Workshop |
| 27:52 | dopeegoo · first_building Monastery |
| 29:22 | b站江条 · first_market_sell 100 wood |
| 33:21 | b站江条 · age_up imperial |
| 35:41 | b站江条 · first_building Castle |
| 37:53 | dopeegoo · first_market_sell 100 stone |
| 37:57 | dopeegoo · first_market_buy 100 food |
| 41:23 | dopeegoo · age_up imperial |
| 42:34 | dopeegoo · resign |
[ ANÁLISIS IA · 1 CRÉDITO ]
¿Qué pasó realmente en esta partida?
Wolo.gg analiza cada decisión: build order, eco, micro, errores típicos por bracket. Análisis personalizado por WhatsApp o Discord en 30 segundos.
Guía civ
Maya
Guía mapa
Arabia
Perfil
Jugador #18924557